 Dungeon Crawl Stone Soup version 0.28-a0-793-g31680bbd8b (webtiles) character file.

Game seed: 10326480181620313718

38470 jasper the Thaumaturge (level 13, -10/96 HPs)
             Began as a Demonspawn Cinder Acolyte on Nov 4, 2021.
             Was a Priest of Ashenzari.
             Mangled by an elephant (14 damage)
             ... on level 3 of the Lair of Beasts.
             The game lasted 00:37:56 (24814 turns).

jasper the Thaumaturge (Demonspawn Cinder Acolyte) Turns: 24814, Time: 00:37:57

Health: -10/96     AC: 16    Str: 14    XL:     13   Next: 64%
Magic:  0/31       EV: 14    Int: 26    God:    Ashenzari [***...]
Gold:   507        SH:  0    Dex: 10    Spells: 7/40 levels left

rFire   . . .      SeeInvis +   x - staff of conjuration
rCold   . . .      Faith    .   (no shield)
rNeg    . . .      Spirit   +   T - +1 robe of Ouranomancy {rPois, Elem, Alch} (curse)
rPois   +          Reflect  .   (helmet unavailable)
rElec   .          Harm     .   I - +0 cloak of the Unveiling Moon {Melee, Alch} (curse)
rCorr   .          Rampage  .   M - +0 pair of gloves "Ensconced Affliction" {Fort, Bglg} (curse)
Will    .....      Clarity  +   U - +1 pair of boots "Seer of the All-Knowing" {Stlth+, Evo, Cun} (curse)
Stlth   ++........              (no amulet)
HPRegen 0.26/turn               G - +4 ring of protection
MPRegen 0.44/turn               F - +6 ring of intelligence

@: sanguine armoured
A: antennae 3, demonic guardian 2, magic shield, magic regeneration, magic link,
sanguine armour 1, deformed body, MP-powered wands
a: Renounce Religion, Shatter the Chains


You were on level 3 of the Lair of Beasts.
You worshipped Ashenzari.
Ashenzari was most pleased with you.
You visited 2 branches of the dungeon, and saw 18 of its levels.
You also visited: Sewer.

You collected 887 gold pieces.
You spent 380 gold pieces at shops.

Inventory:

Hand Weapons
 a - a +0 spectral spear
 H - the +6 scimitar of the Devouring Gnat {venom, rN++}
   (You took it off a centaur on level 7 of the Dungeon)

   It poisons the flesh of those it strikes.
   rN:        It greatly protects you from negative energy.
Missiles
 j - 299 stones
 m - a silver boomerang
 L - a throwing net
Armour
 b - a +0 robe
 E - a +1 robe
 I - the cursed +0 cloak of the Unveiling Moon (worn) {Melee, Alch}
   (You found it on level 7 of the Dungeon)

   It has a curse which improves the following skills: Melee Combat: Short
   Blades, Long Blades, Axes, Maces & Flails, Polearms, Staves and Unarmed
   Combat.
   Alchemy:   Poison Magic and Transmutations.
 M - the cursed +0 pair of gloves "Ensconced Affliction" (worn) {Fort, Bglg}
   (You found it on level 11 of the Dungeon)

   It has a curse which improves the following skills: Fortitude: Armour and
   Shields.
   Beguiling: Conjurations, Hexes and Translocations.
 Q - a scarf of repulsion
 R - a +0 troll leather armour
 S - a +0 pair of boots
 T - the cursed +1 robe of Ouranomancy (worn) {rPois, Elem, Alch}
   (You bought it in a shop on level 3 of the Dungeon)

   rPois:     It protects you from poison.
   It has a curse which improves the following skills: Elements: Fire Magic, Ice
   Magic, Air Magic and Earth Magic.
   Alchemy:   Poison Magic and Transmutations.
 U - the cursed +1 pair of boots "Seer of the All-Knowing" (worn) {Stlth+, Evo, Cun}
   (You found it on level 10 of the Dungeon)

   It has a curse which improves the following skills: Evocations: Evocations.
   Cunning:   Dodging and Stealth.
 V - the +2 robe "Ycirpho" {rElec}
   (You found it on level 11 of the Dungeon)

   rElec:     It insulates you from electricity.
Magical Staves
 g - a staff of cold
 x - a staff of conjuration (weapon)
 B - a staff of earth
 C - a staff of air
 J - a staff of cold
 K - a staff of poison
Jewellery
 i - a +6 ring of dexterity
 n - a ring of resist corrosion
 q - an amulet of the acrobat
 F - a +6 ring of intelligence (right hand)
 G - a +4 ring of protection (left hand)
 W - a +4 ring of evasion
Wands
 k - a wand of flame (38)
 s - a wand of charming (11)
 w - a wand of iceblast (20)
 y - a wand of polymorph (8)
 O - a wand of digging (8)
Scrolls
 c - a scroll of amnesia
 f - 10 scrolls of teleportation
 h - 2 scrolls of summoning
 l - 5 scrolls of noise
 p - 4 scrolls of enchant weapon
 r - 4 scrolls of brand weapon
 v - 4 scrolls of blinking
 P - 2 scrolls of immolation
 X - a scroll of magic mapping
Potions
 d - 3 potions of cancellation
 e - 4 potions of curing
 o - 2 potions of attraction
 t - a potion of might
 u - 3 potions of haste
 z - 2 potions of mutation
 A - 2 potions of brilliance
 D - 2 potions of lignification
 N - a potion of degeneration
 Y - a potion of berserk rage


   Skills:
 - Level 7.0 Fighting
 - Level 2.6(4.2) Polearms
 - Level 5.0(6.9) Dodging
 + Level 14.2 Spellcasting
 + Level 11.6(13.4) Conjurations
 - Level 2.0(3.4) Hexes
 - Level 4.3 Necromancy
 - Level 10.0(11.8) Fire Magic


You had 7 spell levels left.
You knew the following spells:

 Your Spells              Type           Power      Damage    Failure   Level
a - Scorch                Fire           100%       2d10      1%          2
b - Conjure Flame         Conj/Fire      91%        6-21      1%          3
c - Sticky Flame          Conj/Fire      91%        2d10      1%          4
d - Tukima's Dance        Hex            36%        N/A       2%          3
e - Stone Arrow           Conj/Erth      100%       3d13      1%          3
f - Inner Flame           Hex/Fire       55%        N/A       1%          3
g - Mephitic Cloud        Conj/Pois/Air  59%        N/A       1%          3
h - Ignite Poison         Fire/Tmut/Pois 40%        N/A       1%          3
i - Passwall              Tmut/Erth      16%        N/A       4%          2
j - Orb of Destruction    Conj           46%        9d15      10%         7

Your spell library contained the following spells:

 Spells                   Type           Power      Damage    Failure   Level
 Foxfire                  Conj/Fire      100%       2x1d9     0%          1
 Magic Dart               Conj           100%       1d8       0%          1
 Corpse Rot               Necr/Air       60%        N/A       1%          2
 Ensorcelled Hibernation  Hex/Ice        56%        N/A       1%          2
 Fulminant Prism          Conj/Hex       38%        3d18      1%          4
 Iskenderun's Mystic Bla  Conj/Tloc      69%        2d14      1%          4
 Sandblast                Erth           38%        2d10      2%          1
 Call Imp                 Summ           18%        N/A       4%          2
 Summon Guardian Golem    Hex/Summ       27%        N/A       4%          3
 Dispel Undead            Necr           41%        3d16      4%          4
 Cause Fear               Hex            18%        N/A       7%          4
 Spider Form              Tmut/Pois      20%        N/A       8%          3
 Gell's Gravitas          Tloc           19%        N/A       9%          3
 Lesser Beckoning         Tloc           19%        N/A       9%          3
 Teleport Other           Tloc           19%        N/A       9%          3
 Freezing Cloud           Conj/Ice/Air   29%        6-21      12%         5
 Passage of Golubria      Tloc           19%        N/A       26%         4
 Summon Ice Beast         Ice/Summ       19%        N/A       28%         4
 Metabolic Englaciation   Hex/Ice        14%        N/A       36%         5
 Yara's Violent Unravell  Hex/Tmut       14%        3d7       36%         5
 Lee's Rapid Deconstruct  Erth           9%         3d8*      58%         5
 Death Channel            Necr           20%        N/A       58%         6
 Spellforged Servitor     Conj/Summ      34%        N/A       85%         7
 Discord                  Hex            18%        N/A       100%        8
 Lehudib's Crystal Spear  Conj/Erth      34%        10d9      100%        8
 Necromutation            Tmut/Necr      15%        N/A       100%        8


Dungeon Overview and Level Annotations

Branches:
Dungeon (15/15)            Temple (0/1) D:5            Lair (3/6) D:11
  Sewer (visited)
  Swamp: Lair:2-4    Shoals: Lair:2-4     Snake: Lair:2-4    Spider: Lair:2-4
    Orc: D:9-12      Vaults: D:13-14     Depths: D:15

Altars:
Ashenzari
Cheibriados
Elyvilon
Fedhas
Hepliaklqana
Kikubaaqudgha
Makhleb
Ru
Trog
Uskayaw
Vehumet
Wu Jian
Xom
The Shining One

Shops:
D:3 [   D:4 ?   D:10 [

Annotations:
D:9 2 transporters, AlleluiaPinecone's ghost, novice VSFi
D:14 2 transporters, Leeroy's ghost, journeyman DrTm; gimp's ghost, journeyman OgCA


Innate Abilities, Weirdness & Mutations

You have a pair of large antennae on your head. (SInv)
A demonic guardian rushes to your aid.
When hurt, damage is shared between your health and your magic reserves.
You regenerate magic rapidly.
When low on magic, you restore magic in place of health.
When seriously injured, your bleeding wounds create armour. (AC +6)
Armour fits poorly on your strangely shaped body.
You expend magic power (3 MP) to strengthen your wands.


Message History

Casting: Scorch (safe; 1% risk of failure)
Press: ? - help, Q - select action, (/) - cycle Dir - look around, f - activate Flames lash the elephant but do no damage.
You are engulfed in blazing flames.
The water moccasin is engulfed in blazing flames.
You kill the water moccasin!
The elephant is engulfed in blazing flames.
You kill the elephant!
The elephant is engulfed in blazing flames. x2
The elephant misses you. The elephant barely misses you.
The elephant is engulfed in blazing flames.
You take 18 damage, and have 40/96 hp.
You now have 6/31 mp.
Casting: Scorch (safe; 1% risk of failure)
Press: ? - help, Q - select action, (/) - cycle Dir - look around, f - activate Flames lash the elephant.
The elephant is moderately wounded.
The elephant's fire resistance burns away.
You are engulfed in blazing flames.
The elephant seems less confused.
The elephant is engulfed in blazing flames.
The elephant completely misses you.
The elephant trunk-slaps you but does no damage.
The elephant is engulfed in blazing flames. x2
The elephant tramples you.
* * * LOW HITPOINT WARNING * * *
You hold your ground!
The elephant closely misses you.
The elephant is engulfed in blazing flames.
The elephant tramples you!
* * * LOW HITPOINT WARNING * * *
A demonic guardian appears!
You hold your ground!
The elephant misses you.
You take 24 damage, and have 16/96 hp.
MASSIVE DAMAGE!!
You now have 2/31 mp.
Casting: Scorch (safe; 1% risk of failure)
Press: ? - help, Q - select action, (/) - cycle Dir - look around, f - activate Flames lash the elephant.
The elephant is moderately wounded.
The elephant's fire resistance burns away.
You are engulfed in blazing flames.
* * * LOW HITPOINT WARNING * * *
A komodo dragon comes into view.
The elephant tramples you!
You die...

, * , ** , * *
,, * , , * ,** ,
, ### *
####@###+#### ,
#..YYY.....l.
.....4.Y○.......
,
..#.............
,#.#..°........
, ,
#.+........... .
.$.......... , ,
,. #............
, #P...........
*,


You could see 4 elephants, a komodo dragon and a friendly hellwing (summoned).

Vanquished Creatures
  Gastronok (Lair:1)
  5 hydras
  A catoblepas (D:14)
  A centaur warrior (D:13)
  6 two-headed ogres
  Urug (Lair:2)
  A sixfirhy (D:9)
  A spark wasp zombie (D:15)
  A skeletal warrior (D:14)
  2 deep elf pyromancers (D:12)
  2 manticores (D:14)
  5 ugly things
  2 cyclopes (D:13)
  A centaur zombie (D:9)
  An ice statue (D:11)
  2 black mambas (Lair:1)
  An elephant (Lair:3)
  Maurice (D:11)
  A gargoyle (D:13)
  A rime drake (shapeshifter) (D:14)
  Psyche (D:11)
  5 cane toads
  The ghost of ytrimaz the Skirmisher, a novice OpFi (D:5)
  2 kobold demonologists
  2 unseen horrors
  An efreet (D:13)
  6 komodo dragons
  3 meliai (D:13)
  4 trolls
  3 slime creatures
  3 blink frogs (Lair:2)
  A shadow (D:10)
  4 wraiths
  22 fire elementals
  A vampire (D:13)
  2 basilisks
  5 yaks (Lair:2)
  5 wyverns
  4 vampire mosquitoes (D:13)
  9 water moccasins
  A hell hound (Lair:1)
  Duvessa (D:5)
  3 ice beasts
  2 sky beasts
  4 orc warriors
  4 ogres
  6 centaurs
  A kobold brigand (D:9)
  A phantom (D:4)
  8 bullfrogs
  2 scorpions
  2 wyvern zombies
  A water moccasin skeleton (D:6)
  16 killer bees
  3 wights (D:6)
  5 howler monkeys
  An electric eel (D:10)
  3 quasits (D:5)
  A bullfrog skeleton (D:6)
  3 hounds
  6 jellies
  2 orc priests
  A centaur skeleton (D:5)
  Jessica (D:2)
  7 iguanas
  13 orc wizards
  4 howler monkey zombies
  4 gnolls (D:8)
  15 adders
  3 river rats (Sewer)
  4 white imps
  An ufetubus (D:4)
  A worm (D:3)
  38 orcs
  4 bats
  6 endoplasms
  3 giant cockroaches
  7 goblins
  6 hobgoblins
  6 jackals (D:1)
  12 kobolds
  4 quokkas
  16 ball pythons
  5 frilled lizards
  29 rats
  A spectral kobold (D:4)
388 creatures vanquished.

Vanquished Creatures (collateral kills)
  A hydra (Lair:2)
  A centaur warrior (D:13)
  Pikel (D:7)
  2 cyclopes (D:14)
  2 ugly things
  A komodo dragon (Lair:1)
  A troll (D:7)
  A slime creature (D:14)
  A hell hound (Lair:1)
  An orc warrior (D:7)
  A necrophage (D:7)
  3 lemures (D:7)
  A kobold brigand (D:7)
  Dowan (D:5)
  3 orc wizards
  A hobgoblin (D:1)
22 creatures vanquished.

Vanquished Creatures (others)
  64 foxfires
  3 fungi
  9 plants
  5 withered plants (D:15)
81 creatures vanquished.

Grand Total: 491 creatures vanquished

Notes
Turn   | Place    | Note
-------+----------+-------------------------------------------
     0 | D:1      | jasper the Demonspawn Cinder Acolyte began the quest for
                  | the Orb.
     0 | D:1      | Reached XP level 1. HP: 18/18 MP: 2/2
   301 | D:1      | Gained mutation: A weak demonic guardian rushes to your
                  | aid. [demonic ancestry]
   301 | D:1      | Reached XP level 2. HP: 24/24 MP: 2/4
   304 | D:1      | Learned a level 2 spell: Scorch
   757 | D:1      | Reached skill level 2 in Spellcasting
   878 | D:1      | Gained mutation: A demonic guardian rushes to your aid.
                  | [demonic ancestry]
   878 | D:1      | Reached XP level 3. HP: 26/29 MP: 3/6
  1444 | D:2      | Noticed Jessica
  1450 | D:2      | Killed Jessica
  1732 | D:2      | Gained mutation: You regenerate magic rapidly. [demonic
                  | ancestry]
  1732 | D:2      | Reached XP level 4. HP: 35/35 MP: 0/7
  2158 | D:2      | Found a faded altar of an unknown god.
  2667 | D:3      | Found Lelisuc's Antique Armour Boutique.
  2699 | D:3      | Reached skill level 3 in Spellcasting
  2991 | D:3      | Reached XP level 5. HP: 41/41 MP: 4/9
  3834 | D:4      | Found Extosesh's Magic Scroll Shop.
  4111 | D:4      | Reached skill level 4 in Spellcasting
  4111 | D:4      | Gained mutation: When hurt, damage is shared between your
                  | health and your magic reserves. [demonic ancestry]
  4111 | D:4      | Reached XP level 6. HP: 29/47 MP: 1/12
  4240 | D:4      | Found a blossoming altar of Fedhas.
  4304 | D:4      | Found an ancient bone altar of Kikubaaqudgha.
  4315 | D:4      | Reached skill level 5 in Fire Magic
  4664 | D:4      | Gained mutation: When seriously injured, your bleeding
                  | wounds create armour. (AC +6) [demonic ancestry]
  4664 | D:4      | Reached XP level 7. HP: 52/52 MP: 8/14
  4693 | D:4      | Reached skill level 5 in Spellcasting
  4817 | D:4      | Found a hazy altar of Hepliaklqana.
  4969 | D:4      | Found a radiant altar of Vehumet.
  5082 | D:4      | Bought a scroll of teleportation for 33 gold pieces
  5082 | D:4      | Bought a scroll of summoning for 104 gold pieces
  5147 | D:5      | Entered Level 5 of the Dungeon
  5444 | D:5      | Noticed Duvessa
  5444 | D:5      | Noticed Dowan
  5450 | D:5      | Killed Dowan
  5451 | D:5      | Gained mutation: When low on magic, you restore magic in
                  | place of health. [demonic ancestry]
  5451 | D:5      | Reached XP level 8. HP: 26/58 MP: 8/15
  5453 | D:5      | Killed Duvessa
  5842 | D:5      | Found a transporter.
  5844 | D:5      | Noticed ytrimaz's ghost (novice OpFi)
  5845 | D:5      | Found a glowing drain.
  5873 | D:5      | Learned a level 3 spell: Conjure Flame
  5878 | D:5      | Learned a level 4 spell: Sticky Flame
  5899 | Sewer    | Entered a sewer
  5930 | Sewer    | Reached skill level 1 in Conjurations
  6490 | D:5      | Found a transporter.
  6758 | D:5      | Found a staircase to the Ecumenical Temple.
  6854 | D:5      | Found a broken altar of Ashenzari.
  6865 | D:5      | Found a bloodstained altar of Trog.
  7011 | D:6      | Reached skill level 5 in Conjurations
  7266 | D:6      | Gained mutation: You have a pair of small antennae on your
                  | head. [demonic ancestry]
  7266 | D:6      | Reached XP level 9. HP: 54/63 MP: 9/16
  7516 | D:6      | Found a sand-covered staircase.
  7574 | D:6      | Reached skill level 1 in Dodging
  8010 | D:7      | Noticed Pikel
  8035 | D:7      | Killed Pikel
  8436 | D:7      | Noticed a purple ugly thing
  8443 | D:7      | Killed a purple ugly thing
  8444 | D:7      | Reached skill level 6 in Spellcasting
  8446 | D:7      | Killed an unseen horror
  8605 | D:7      | Reached skill level 5 in Fighting
  8612 | D:7      | Gained mutation: You have a pair of antennae on your head.
                  | [demonic ancestry]
  8612 | D:7      | Reached XP level 10. HP: 41/74 MP: 1/19
  9015 | D:7      | Identified the +6 scimitar of the Devouring Gnat {venom,
                  | rN++}
  9345 | D:7      | Reached skill level 7 in Spellcasting
  9576 | D:7      | Noticed a four-headed hydra
  9589 | D:7      | Killed a four-headed hydra
  9768 | D:7      | Got the Collected Works on the Evil Snowflakes
  9773 | D:7      | Learned a level 3 spell: Tukima's Dance
  9778 | D:7      | Learned a level 4 spell: Dispel Undead
  9946 | D:7      | Identified a scroll of acquirement
  9946 | D:7      | Acquired Guwnion's Papyrus of Flames and Attacks
  9955 | D:7      | Reached skill level 5 in Dodging
 10108 | D:7      | Found a sacrificial altar of Ru.
 10356 | D:8      | Noticed a two-headed ogre
 10365 | D:8      | Killed a two-headed ogre
 10366 | D:8      | Reached skill level 10 in Fire Magic
 10536 | D:8      | Noticed a two-headed ogre
 10540 | D:8      | Killed a two-headed ogre
 10541 | D:8      | Reached skill level 8 in Spellcasting
 10541 | D:8      | Reached XP level 11. HP: 84/84 MP: 15/23
 10813 | D:8      | Reached skill level 1 in Hexes
 11337 | D:9      | Found a runed translucent door.
 11338 | D:9      | Found a burning altar of Makhleb.
 11338 | D:9      | Noticed a sixfirhy
 11450 | D:9      | Reached skill level 1 in Necromancy
 12146 | D:9      | Found a transporter.
 12147 | D:9      | Noticed a two-headed ogre
 12147 | D:9      | Noticed a two-headed ogre
 12148 | D:9      | Noticed a two-headed ogre
 12148 | D:9      | Noticed AlleluiaPinecone's ghost (novice VSFi)
 12762 | D:9      | Found a snail-covered altar of Cheibriados.
 12829 | D:9      | Noticed a two-headed ogre
 12834 | D:9      | Found a transporter.
 12883 | D:10     | Entered Level 10 of the Dungeon
 13016 | D:10     | Found Jiagoeb's Armour Shoppe.
 13017 | D:10     | Found a hide-covered altar of Uskayaw.
 13024 | D:10     | Bought a +0 pair of boots for 67 gold pieces
 13238 | D:3      | Bought a heavily jewelled robe for 176 gold pieces
 13238 | D:3      | Identified the +1 robe of the Lion {rPois} (You bought it
                  | in a shop on level 3 of the Dungeon)
 13414 | D:10     | Found an ornate altar of the Wu Jian Council.
 13454 | D:10     | Learned a level 3 spell: Inner Flame
 13458 | D:10     | Learned a level 3 spell: Mephitic Cloud
 13462 | D:10     | Learned a level 3 spell: Ignite Poison
 14194 | D:10     | Found a shimmering altar of Xom.
 14493 | D:11     | Found a staircase to the Lair.
 14830 | D:11     | Noticed a two-headed ogre
 14842 | D:11     | Killed a two-headed ogre
 14843 | D:11     | Reached skill level 9 in Spellcasting
 14880 | D:11     | Learned a level 3 spell: Stone Arrow
 15219 | D:11     | Noticed Maurice
 15221 | D:11     | Noticed a two-headed ogre
 15227 | D:11     | Killed Maurice
 15230 | D:11     | Killed a two-headed ogre
 15231 | D:11     | Reached skill level 10 in Spellcasting
 15239 | D:11     | Learned a level 2 spell: Passwall
 15386 | D:11     | Noticed Psyche
 15392 | D:11     | Killed Psyche
 15506 | D:11     | Gained mutation: Armour fits poorly on your strangely
                  | shaped body. [potion of mutation]
 15506 | D:11     | Gained mutation: You expend magic power (3 MP) to
                  | strengthen your wands. [potion of mutation]
 15525 | D:11     | Identified the +2 robe "Ycirpho" {rElec}
 15687 | D:5      | Fell from the grace of Ignis
 15687 | D:5      | Became a worshipper of Ashenzari the Shackled
 15856 | Lair:1   | Entered Level 1 of the Lair of Beasts
 15873 | Lair:1   | Noticed Gastronok
 15991 | D:12     | Noticed a deep elf pyromancer
 16004 | D:12     | Killed a deep elf pyromancer
 16005 | D:12     | Reached skill level 11 in Spellcasting
 16101 | D:12     | Noticed a centaur warrior
 16396 | D:12     | Noticed a deep elf pyromancer
 16401 | D:12     | Killed a deep elf pyromancer
 16402 | D:12     | Gained mutation: You have a pair of large antennae on your
                  | head. (SInv) [demonic ancestry]
 16402 | D:12     | Reached XP level 12. HP: 91/91 MP: 17/27
 16410 | D:12     | Learned a level 7 spell: Orb of Destruction
 17067 | D:13     | Noticed a two-headed ogre
 17078 | D:13     | Killed a two-headed ogre
 17827 | D:14     | Found an ancient bone altar of Kikubaaqudgha.
 17859 | D:14     | Noticed a five-headed hydra
 17867 | D:14     | Killed a five-headed hydra
 17868 | D:14     | Reached skill level 12 in Spellcasting
 18036 | D:14     | Noticed an eight-headed hydra
 18044 | D:14     | Killed an eight-headed hydra
 18191 | D:14     | Noticed a two-headed ogre
 18453 | D:14     | Noticed Leeroy's ghost (journeyman DrTm)
 18456 | D:14     | Found a transporter.
 18456 | D:14     | Noticed gimp's ghost (journeyman OgCA)
 18459 | D:14     | Noticed a two-headed ogre
 18464 | D:14     | Noticed a boulder beetle
 18467 | D:14     | Noticed a catoblepas
 18476 | D:14     | Killed a catoblepas
 18567 | D:14     | Found a transporter.
 18597 | D:14     | You fall into a shaft and drop 1 floor!
 18597 | D:15     | Entered Level 15 of the Dungeon
 19761 | D:13     | Noticed a two-headed ogre
 19772 | D:13     | Killed a two-headed ogre
 19878 | D:13     | Noticed a centaur warrior
 19893 | D:13     | Killed a centaur warrior
 19894 | D:13     | Reached skill level 13 in Spellcasting
 20046 | D:13     | Reached XP level 13. HP: 96/96 MP: 20/30
 20064 | D:13     | You fall into a shaft and drop 1 floor!
 20310 | D:14     | Was forgiven by Ignis
 20533 | D:13     | Reached * piety under Ashenzari
 20679 | D:13     | Reached skill level 10 in Conjurations
 21171 | D:9      | Identified the +2 flail of the Thing {flame, Int+2}
 21485 | D:5      | Killed ytrimaz's ghost
 21790 | Lair:1   | Killed Gastronok
 22594 | Lair:1   | Found a hazy altar of Hepliaklqana.
 22719 | Lair:1   | Reached ** piety under Ashenzari
 23138 | Lair:2   | Noticed Urug
 23146 | Lair:2   | Killed Urug
 23523 | Lair:2   | Reached skill level 14 in Spellcasting
 24688 | Lair:2   | Reached *** piety under Ashenzari
 24814 | Lair:3   | HP: 4/96 [cloud of flame (12)]
 24814 | Lair:3   | Mangled by an elephant

Illustrated notes

Levels and vault maps discovered:
D:1:      minmay_arrival_four_circles, layout_rooms, serial_corexii_hall,
          chequers_hall_statues_corner_a, chequers_hall_statues_y
D:2:      layout_loops_corners, basic_ecumenical_altar, uniq_jessica
D:3:      layout_basic, serial_shops, shop, fountainhead, minmay_misc_feat_x,
          interstate_on_off, lexackson_kobold_supper
D:4:      layout_cave_pods, lemuel_doored_altar,
          nicolae_hepliaklqana_monster_ancestors,
          nicolae_overflow_hidden_temple, serial_shops,
          nicolae_inconvenience_store, hex_tiny
D:5:      layout_rooms, minitemple, minmay_temple_entry_poolview,
          gammafunk_ghost_stat_death, gup_sewer_entry_glass, uniq_duvessa
D:6:      layout_basic, nicolae_ossuary_entry_ruins
D:7:      minmay_the_grid_octo_tiled_octocenter [minmay_the_grid_octo_teeth,
          minmay_the_grid_octo_focus, minmay_the_grid_octo_concentric,
          minmay_the_grid_octo_tetromino_candy,
          minmay_the_grid_octo_prize_ultimate_mussel_roller,
          minmay_the_grid_square_5x5_plus,
          minmay_the_grid_square_5x5_fancy_junction,
          minmay_the_grid_square_5x5_checkered_statues,
          minmay_the_grid_square_5x5_shrine2], layout_loops_ring,
          hangedman_ru_absence, kennysheep_nub, uniq_pikel
D:8:      layout_rooms, item_on_display_a
D:9:      layout_loops_cross, nzn_makhleb_speed_demon, marbit_many_paths,
          gammafunk_ghost_smash
D:10:     layout_basic, mainiacjoe_overflow_catwalk,
          mainiacjoe_overflow_chevrons, nicolae_wu_jian_wuxing_cycle,
          serial_shops, shop
D:11:     layout_loops_ring, david_lair_shrubbed, minivault_15, uniq_maurice,
          uniq_psyche
D:12:     layout_loops_ring, david_orc_2, centaur_isle
D:13:     layout_basic, david_vaults_5
D:14:     layout_cave_pools, nzn_ghost_randoct,
          nicolae_kikubaaqudgha_miasma_corner
D:15:     gammafunk_depths_entry_grave, layout_loops_ring, elyvilon_altar_1,
          gammafunk_ghost_berserking_beasts, uniq_nessos
Lair:1:   layout_loops_ring, enter_volcano_3, basic_altar, grunt_megastairs_3,
          uniq_gastronok
Lair:2:   layout_cave_pods, infiniplex_staircase_pool_2, grunt_megastairs_4,
          uniq_urug
Lair:3:   layout_roguey, shoals_dummy_entry, spider_nest_entry_funnel_web,
          gammafunk_ghost_ooze, infiniplex_staircase_pool

Skill      XL: |  1  2  3  4  5  6  7  8  9 10 11 12 13 |
---------------+----------------------------------------+-----
Fire Magic     | 3 4 5 7 8 9 10 | 10.0
Spellcasting   | 2 3 4 5 6 8 11 13 14 | 14.2
Conjurations   | 6 9 11 | 11.6
Dodging        | 3 5 |  5.0
Fighting       | 5 7 |  7.0
Hexes          | 2 |  2.0
Necromancy     | 4 |  4.3
Polearms       | |  2.6

Action                   |  1- 3 |  4- 6 |  7- 9 | 10-12 | 13-15 || total
-------------------------+-------+-------+-------+-------+-------++-------
Melee: Spear             |    40 |    23 |    36 |     7 |       ||   106
       Scimitar          |       |       |       |    91 |       ||    91
       Staff             |       |       |       |     7 |     7 ||    14
 Cast: Scorch            |    33 |    72 |   150 |   191 |    92 ||   538
       Sticky Flame      |       |       |    14 |    84 |    21 ||   119
       Mephitic Cloud    |       |       |       |    13 |    10 ||    23
       Ignite Poison     |       |       |       |    11 |     9 ||    20
       Stone Arrow       |       |       |       |    60 |    14 ||    74
       Tukima's Dance    |       |       |       |     7 |       ||     7
       Passwall          |       |       |       |     1 |       ||     1
Invok: Foxfire Swarm     |     2 |       |     3 |       |       ||     5
       Curse Item        |       |       |       |     1 |     3 ||     4
Evoke: Wand              |       |       |    14 |     2 |       ||    16
  Use: Scroll            |       |     8 |     5 |    11 |       ||    24
       Potion            |       |       |       |    11 |     1 ||    12
 Stab: Distracted        |       |       |     1 |     1 |       ||     2
Armor: Robe              |     4 |       |    16 |    78 |    54 ||   152
Dodge: Dodged            |    32 |     9 |    48 |   254 |   105 ||   448

Table legend: (Time is in decaauts)
 A = Elapsed time spent in this place.
 B = Non-inter-level travel time spent in this place.
 C = Inter-level travel time spent in this place.
 D = Time resting spent in this place.
 E = Time spent auto-exploring this place.
 F = Levels seen in this place.
 G = Mean time per level.
                   A        B        C        D        E       F      G
               +--------+--------+--------+--------+--------+-----+--------+
         Total |  24920 |  23112 |   1808 |   5656 |  14362 |  19 | 1311.6 |
       Dungeon |  21433 |  19724 |   1709 |   4893 |  12143 |  15 | 1428.9 |
          Lair |   2943 |   2844 |     99 |    757 |   1790 |   3 |  981.0 |
         Sewer |    543 |    543 |      0 |      6 |    427 |   1 |  543.0 |
               +--------+--------+--------+--------+--------+-----+--------+

Top non-repeatable levels by time:
     D:7: 2504 daAuts
    D:14: 2309 daAuts
     D:9: 2237 daAuts
  Lair:2: 1672 daAuts
     D:5: 1512 daAuts
    D:12: 1453 daAuts
    D:11: 1453 daAuts
    D:10: 1426 daAuts
     D:4: 1377 daAuts
     D:3: 1364 daAuts
     D:1: 1347 daAuts
  Lair:1: 1263 daAuts
     D:2: 1148 daAuts
    D:13: 1082 daAuts
     D:6: 1025 daAuts
